 Dungeon Crawl Stone Soup version 0.27-a0-951-gae3e1deef5 (webtiles) character file.

Game seed: 14846646249119307412

133 Lanoc the Ducker (level 4, -1/22 HPs)
             Began as a Felid Monk on Apr 11, 2021.
             Was a Priest of the Shining One.
             Splashed by a jelly's acid (5 damage)
             ... on level 4 of the Dungeon.
             The game lasted 00:03:19 (2609 turns).

Lanoc the Ducker (Felid Monk)                       Turns: 2609, Time: 00:03:19

Health: -1/22      AC: -3    Str:  7    XL:     4   Next: 94%
Magic:  6/6        EV: 20    Int: 12    God:    the Shining One [***...]
Gold:   118        SH:  0    Dex: 19    Spells: 3/3 levels left
                                        Lives:  0   Deaths: 1

rFire    . . .     SeeInvis +     - Unarmed
rCold    . . .     Faith    .   (shield unavailable)
rNeg     + . .     Spirit   .   (armour unavailable)
rPois    .         Reflect  .   (helmet unavailable)
rElec    .         Harm     .   (cloak unavailable)
rCorr    .         Rampage  .   (gloves unavailable)
Will     .....                  (boots unavailable)
Stlth    +.........             (no amulet)
HPRegen  0.07/turn              (no ring)
MPRegen  0.10/turn              (no ring)

@: corroded, glowing, quick
A: very small, claws 1, fangs 3, see invisible, speed 1, shaggy fur 1, stealthy
paws, no weapons or thrown items, no armour, multi-lived
a: Renounce Religion, Divine Shield


You were on level 4 of the Dungeon.
You worshipped the Shining One.
The Shining One was most pleased with you.
You visited 1 branch of the dungeon, and saw 4 of its levels.

You collected 118 gold pieces.

Inventory:

Scrolls
 a - a scroll of amnesia {unknown}
 b - a scroll of blinking {unknown}
 c - a scroll of identify {unknown}
 f - 2 scrolls of vulnerability {unknown}


   Skills:
 + Level 4.0 Fighting
 + Level 5.3 Dodging
 - Level 2.6 Stealth
 * Level 4.9 Unarmed Combat
 + Level 2.1 Invocations


You had 3 spell levels left.
You didn't know any spells.
Your spell library was empty.

Dungeon Overview and Level Annotations

Branches:
Dungeon (4/15)
 Temple: D:4-7

Altars:
Trog
The Shining One


Innate Abilities, Weirdness & Mutations

You have sharp claws.
You have razor-sharp teeth.
You have supernaturally acute eyesight. (SInv)
You cover ground quickly. (Speed+)
You are covered in fur. (AC +1)
Your stealthy paws help you sneak and pounce on unaware monsters.
You are incapable of wielding weapons or throwing items.
You cannot wear armour.
You gain extra lives every three experience levels.


Message History

The scorpion is severely wounded.
* * * LOW HITPOINT WARNING * * *
You feel sick. You block the scorpion's attack.
You scratch the scorpion but do no damage.
You bite the scorpion.
The scorpion is severely wounded.
You die...
You feel sick.
You are no longer poisoned.
The scorpion stings you.
You are lethally poisoned!
The scorpion poisons you!
You are now level 4!
You rejoin the land of the living...
Found 8 gold pieces.
You now have 118 gold pieces (gained 8).
A jelly comes into view.
The jelly quivers.
A gnoll comes into view. It is wielding a +0 spear.
The jelly hits you. The acid corrodes you!
You are splashed with acid!
You are too injured to fight recklessly!
You are too injured to fight recklessly!
You are too injured to fight recklessly!
You are too injured to fight recklessly!
You are too injured to fight recklessly!
You are too injured to fight recklessly!
You are too injured to fight recklessly!
You are too injured to fight recklessly!
You are too injured to fight recklessly!
You are too injured to fight recklessly!
You are too injured to fight recklessly!
You are too injured to fight recklessly!
The gnoll shouts!
You scratch the jelly.
Your paws burn!
You bite the jelly, but do no damage.
The jelly is lightly wounded.
You hear a shout!
The jelly hits you.
* * * LOW HITPOINT WARNING * * *
You are splashed with acid.
You die...

### . ##########.. ...
######..........#
.....###......##########
......J@.######
......#### ..... ...g
... .. .


You could see a jelly and a gnoll.

Vanquished Creatures
  Sigmund (D:3)
  Robin (D:2)
  An adder (D:2)
  A dart slug (D:1)
  4 orcs (D:3)
  5 endoplasms
  2 giant cockroaches (D:1)
  10 goblins
  4 hobgoblins
  7 jackals
  4 kobolds
  4 quokkas
  5 ball pythons
  6 bats
  5 frilled lizards
  13 rats
73 creatures vanquished.

Notes
Turn   | Place    | Note
-------+----------+-------------------------------------------
     0 | D:1      | Lanoc the Felid Monk began the quest for the Orb.
     0 | D:1      | Reached XP level 1. HP: 10/10 MP: 2/2
   190 | D:1      | Reached XP level 2. HP: 13/14 MP: 3/3
   409 | D:1      | Found a faded altar of an unknown god.
   417 | D:1      | Became a worshipper of the Shining One
   417 | D:1      | Reached * piety under the Shining One
   417 | D:1      | Reached ** piety under the Shining One
   618 | D:1      | Reached *** piety under the Shining One
   693 | D:1      | Reached XP level 3. HP: 17/17 MP: 4/4
  1243 | D:2      | Noticed Robin
  1253 | D:2      | Killed Robin
  1254 | D:2      | Reached XP level 4. HP: 8/21 MP: 5/5
  1447 | D:2      | You fall into a shaft and drop 1 floor!
  1568 | D:3      | Reached skill level 1 in Invocations
  1625 | D:3      | Noticed Sigmund
  1645 | D:3      | Killed Sigmund
  1646 | D:3      | Reached skill level 5 in Dodging
  1646 | D:3      | Reached XP level 5. HP: 21/25 MP: 5/7
  2404 | D:3      | Found a bloodstained altar of Trog.
  2576 | D:4      | The Shining One protects you from harm!
  2580 | D:4      | HP: 1/25 [poisoned by a scorpion]
  2581 | D:4      | Succumbed to a scorpion's poison
  2582 | D:4      | Reached XP level 4. HP: 0/22 MP: 4/6
  2609 | D:4      | Splashed by a jelly's acid

Illustrated notes

Levels and vault maps discovered:
D:1:      dpeg_arrival_rooms_with_view, layout_loops_corners,
          hellmonk_ecumenical_altar_crossroads, hangedman_decor_clover_reticule,
          minmay_rat_gold_closets
D:2:      layout_rooms, serial_shops, shop, shop, shop_statue, moated_statue,
          minmay_misc_feat_ornament, uniq_crazy_yiuf_cottage, uniq_robin
D:3:      layout_loops_cross, trog_butcher_becter, uniq_sigmund
D:4:      layout_rooms, gammafunk_temple_overflow_wave

Skill      XL: |  1  2  3  4  5 |
---------------+----------------+-----
Unarmed Combat | 4 |  4.9
Invocations    | 1 2 |  2.1
Dodging        | 5 |  5.3
Fighting       | 4 |  4.0
Stealth        | |  2.6

Action                   |  1- 3 |  4- 6 || total
-------------------------+-------+-------++-------
Melee: Unarmed           |    81 |    90 ||   171
       Punch             |     1 |     2 ||     3
       Bite              |     7 |    12 ||    19
Invok: Divine Shield     |       |     1 ||     1
  Use: Potion            |       |     3 ||     3
 Stab: Sleeping          |     5 |       ||     5
Armor: Skin              |     5 |     4 ||     9
Dodge: Dodged            |    47 |    59 ||   106
Block: Other             |       |     3 ||     3

Table legend: (Time is in decaauts)
 A = Elapsed time spent in this place.
 B = Non-inter-level travel time spent in this place.
 C = Inter-level travel time spent in this place.
 D = Time resting spent in this place.
 E = Time spent auto-exploring this place.
 F = Levels seen in this place.
 G = Mean time per level.
                   A        B        C        D        E       F      G
               +--------+--------+--------+--------+--------+-----+--------+
         Total |   2285 |   2259 |     26 |     24 |   1894 |   4 |  571.2 |
       Dungeon |   2285 |   2259 |     26 |     24 |   1894 |   4 |  571.2 |
               +--------+--------+--------+--------+--------+-----+--------+

Top non-repeatable levels by time:
     D:3: 969 daAuts
     D:1: 908 daAuts
     D:2: 360 daAuts
     D:4: 48 daAuts
